Map: Prion Terraces

Players

Fropez

  • Race: Protoss Protoss
  • League: Silver
  • Spawn Location: 11:00

bendor - Winner!

  • Race: Protoss Protoss
  • League: Silver
  • Spawn Location: 5:00

VOD

Have the link to the VOD?

Description

Time

  • Played on: May 9, 2016, 3:25 p.m.
  • Length: 15:00
Show
View Real Time Build Order
Export as new Build Order

Fropez Protoss 

Build Orders:  

Get SALT Encoding   

  12  0:02  Probe (Chrono Boost)  
  13  0:14  Pylon  
  13  0:18  Probe (Chrono Boost)  
  14  0:27  Assimilator  
  14  0:29  Probe (Chrono Boost)  
  15  0:44  Gateway  
  15  0:46  Probe (Chrono Boost)  
  16  0:59  Probe (Chrono Boost)  
  17  1:05  Pylon  
  17  1:09  Assimilator  
  17  1:14  Probe (Chrono Boost)  
  18  1:34  Probe (Chrono Boost)  
  18  1:37  Cybernetics Core  
  19  1:44  Gateway  
  19  1:50  Probe (Chrono Boost)  
  20  2:01  Probe (Chrono Boost)  
  21  2:06  Pylon  
  21  2:12  Mothership Core (Chrono Boost)  
  23  2:19  Warp Gate (Chrono Boost)  
  23  2:30  Pylon  
  23  2:36  Stalker  
  25  2:41  Stalker  
  27  2:55  Probe  
  28  3:06  Stalker  
  28  3:07  Probe  
  31  3:14  Gateway  
  31  3:19  Pylon  
  31  3:21  Probe  
  32  3:33  Probe  
  33  3:42  Pylon  
  35  3:58  Probe  
  34  4:10  Probe  
  34  4:12  Stalker x2  
  34  4:16  Stalker  
  41  4:42  Stalker x2  
  41  4:43  Probe, Stalker  
  42  4:50  Gateway  
  42  4:53  Pylon  
  42  4:56  Probe  
  43  5:08  Probe  
  40  5:25  Stalker x3  
  40  5:26  Probe  
  43  5:38  Probe  
  44  5:47  Nexus  
  44  5:50  Probe  
  45  6:08  Stalker  
  45  6:09  Stalker  
  45  6:11  Twilight Council  
  49  6:17  Adept x2  
  53  6:23  Probe  
  54  6:35  Probe  
  45  6:55  Stalker x4  
  53  7:06  Blink (Chrono Boost)  
  53  7:13  Probe  
  53  7:14  Probe  
  55  7:22  Assimilator  
  55  7:23  Assimilator  
  55  7:31  Probe  
  55  7:32  Mothership Core  
  55  7:35  Stalker x2  
  55  7:36  Stalker  
  64  8:07  Stalker x4  
  68  8:31  Stalker x4  
  68  8:32  Pylon, Forge  
  76  8:52  Forge  
  46  9:35  Stalker x4  
  50  9:43  Gateway  
  50  9:44  Gateway  
  46  9:53  Gateway  
  46  9:55  Gateway x2  
  46  10:13  Nexus, Protoss Ground Weapons Level 1 (Chrono Boost), Protoss Ground Armor Level 1 (Chrono Boost)  
  46  10:15  Assimilator  
  46  10:16  Stalker x3  
  46  10:17  Stalker  
  46  10:19  Assimilator  
  54  10:24  Pylon  
  54  10:28  Pylon  
  54  10:30  Probe x2  
  54  10:34  Pylon  
  56  10:42  Probe x2  
  58  10:46  Resonating Glaives  
  58  10:47  Dark Shrine  
  58  10:48  Pylon  
  58  10:51  Stalker x4  
  58  10:55  Mothership Core  
  68  10:58  Probe  
  69  11:11  Probe  
  70  11:13  Stalker x3  
  70  11:16  Probe  
  53  11:50  Stalker x5  
  53  11:51  Stalker x2  
  53  11:52  Stalker  
  63  12:06  Robotics Facility  
  63  12:09  Robotics Facility  
  63  12:13  Probe  
  64  12:29  Dark Templar x2  
  68  12:37  Dark Templar x2  
  73  12:44  Probe x2  
  73  12:45  Probe  
  75  12:53  Pylon  
  63  13:03  Dark Templar x2  
  63  13:04  Dark Templar x2  
  61  13:08  Observer (Chrono Boost)  
  61  13:09  Observer (Chrono Boost)  
  61  13:11  Pylon  
  32  13:48  Probe x3  
  35  14:00  Probe  
  36  14:06  Probe  
Show
View Real Time Build Order
Export as new Build Order

bendor Protoss - Winner!

Build Orders:  

Get SALT Encoding   

  12  0:01  Probe (Chrono Boost)  
  13  0:11  Probe (Chrono Boost)  
  14  0:20  Pylon  
  14  0:23  Probe (Chrono Boost)  
  15  0:39  Probe (Chrono Boost)  
  16  0:48  Gateway  
  16  0:51  Probe (Chrono Boost)  
  16  0:54  Assimilator  
  17  1:02  Probe (Chrono Boost)  
  18  1:11  Pylon  
  18  1:13  Probe (Chrono Boost)  
  19  1:23  Probe (Chrono Boost)  
  20  1:28  Assimilator  
  20  1:35  Cybernetics Core  
  20  1:42  Probe (Chrono Boost)  
  21  1:52  Nexus  
  21  1:59  Probe (Chrono Boost)  
  22  2:07  Forge  
  22  2:11  Probe (Chrono Boost)  
  22  2:15  Warp Gate (Chrono Boost)  
  23  2:22  Stalker  
  25  2:25  Probe (Chrono Boost)  
  26  2:39  Gateway  
  26  2:42  Protoss Ground Weapons Level 1  
  26  2:46  Probe (Chrono Boost)  
  27  3:10  Probe  
  28  3:14  Probe  
  29  3:21  Gateway  
  29  3:23  Probe  
  30  3:30  Gateway  
  30  3:32  Probe  
  31  3:34  Probe  
  31  3:38  Assimilator  
  32  3:41  Zealot  
  34  3:59  Probe x2  
  36  4:11  Twilight Council  
  36  4:20  Stalker  
  38  4:31  Sentry, Stalker  
  38  4:32  Zealot  
  36  4:51  Stalker  
  34  4:55  Sentry  
  34  4:56  Zealot x2  
  40  5:09  Pylon  
  38  5:17  Pylon, Stalker  
  36  5:23  Charge  
  36  5:37  Pylon  
  36  5:42  Stalker  
  36  5:46  Photon Cannon  
  36  5:48  Probe  
  39  5:59  Probe  
  39  6:02  Stalker, Templar Archives  
  42  6:05  Zealot  
  42  6:06  Zealot  
  42  6:09  Probe  
  47  6:11  Assimilator  
  47  6:14  Protoss Ground Armor Level 1 (Chrono Boost)  
  47  6:20  Probe  
  47  6:21  Probe  
  49  6:27  Pylon  
  49  6:32  Stalker  
  51  6:33  Zealot  
  51  6:36  Pylon  
  51  6:37  Pylon  
  47  7:11  Zealot x2  
  47  7:13  Pylon  
  51  7:16  Pylon  
  51  7:20  Pylon  
  51  7:25  Probe  
  52  7:34  Sentry, Zealot  
  52  7:36  Probe  
  56  7:39  High Templar  
  56  7:40  Psionic Storm  
  59  7:45  Pylon  
  59  7:47  Probe  
  60  7:51  Gateway  
  60  7:54  Sentry, Gateway, Zealot  
  63  8:10  Stalker  
  63  8:11  Stalker  
  67  8:16  High Templar  
  69  8:31  Dark Shrine  
  69  8:33  Sentry  
  69  8:34  Zealot, Stalker  
  65  9:01  Zealot x2  
  65  9:02  High Templar, Sentry  
  69  9:10  Protoss Ground Armor Level 2 (Chrono Boost)  
  49  9:32  Zealot x2  
  49  9:34  Pylon  
  49  9:45  Probe  
  48  9:56  Probe, Zealot  
  48  9:57  High Templar  
  53  10:06  Probe  
  53  10:08  Pylon  
  54  10:17  Probe, Zealot  
  54  10:18  Zealot  
  54  10:19  Dark Templar  
  54  10:20  Dark Templar  
  63  10:21  High Templar  
  65  10:30  Stalker  
  65  10:32  Probe  
  68  10:37  Pylon  
  68  10:44  Nexus  
  68  10:46  Stalker  
  68  10:47  Zealot  
  72  10:54  Pylon  
  72  11:08  Protoss Shields Level 1 (Chrono Boost)  
  72  11:14  Pylon  
  72  11:15  Stalker  
  72  11:16  Stalker  
  72  11:17  Dark Templar x2  
  72  11:18  High Templar, Zealot  
  82  11:25  Pylon  
  68  11:56  Zealot  
  68  11:57  Zealot, Dark Templar  
  74  12:09  Probe  
  74  12:11  Assimilator  
  75  12:20  Probe, Stalker  
  75  12:21  Stalker  
  80  12:29  Robotics Facility  
  80  12:30  Probe  
  81  12:39  Stalker x2  
  81  12:40  High Templar, Zealot  
  81  12:41  Probe  
  90  12:48  Protoss Ground Weapons Level 2 (Chrono Boost)  
  90  12:51  Probe  
  83  13:02  Probe  
  74  13:12  Probe  
  60  13:19  Observer  
  58  13:23  Photon Cannon, Stalker  
  58  13:24  Stalker, Zealot x2  
  58  13:26  High Templar, Sentry  
  70  13:33  Probe  
  70  13:38  Photon Cannon  
  71  13:44  Probe, Immortal  
  71  13:46  Pylon  
  71  13:47  Stalker x2  
  71  13:48  Zealot x2  
  74  13:54  Probe  
  75  14:05  Probe, Stalker x2  
  80  14:10  Dark Templar  
  80  14:11  Dark Templar  
  80  14:15  Probe  
  85  14:26  Probe  
  85  14:31  Stalker  
  82  14:36  Probe  
  79  14:47  Probe  
  74  14:52  Pylon  
Tags
 
Matchup
PvP
Replay Pack
All Mines
Spawn Locations
Cross Positions
Add a new tag
Caveats
  • Supply blocks, unpowered buildings, or Contaminate may cause inaccurate times.
  • Supply counts are checked every 10 seconds.